 Dungeon Crawl Stone Soup version 0.29-a0-392-g297d3b089c (webtiles) character file.

Game seed: 12741279379890136416

30632 dolemite99 the Grappler (level 13, -3/135 HPs)
             Began as a Troll Gladiator on May 9, 2022.
             Was a Believer of Ignis.
             Killed from afar by a starcursed mass (5 damage)
             ... with an accursed screaming
             ... on level 2 of the Abyss.
             The game lasted 00:23:19 (18175 turns).

dolemite99 the Grappler (Troll Gladiator)          Turns: 18175, Time: 00:23:19

Health: -3/135     AC: 21    Str: 29    XL:     13   Next: 21%
Magic:  12/12      EV:  8    Int:  4    God:    Ignis [**....]
Gold:   1017       SH:  7    Dex: 11    Spells: 12/12 levels left

rFire   + + .      SeeInvis .     - Unarmed
rCold   . . .      Faith    .   t - +0 kite shield
rNeg    . . .      Spirit   .   r - +0 acid dragon scales
rPois   .          Reflect  .   b - +1 hat
rElec   .          Harm     .   u - +0 cloak
rCorr   +          Rampage  .   (gloves unavailable)
Will    .....                   (boots unavailable)
Stlth   +.........              h - amulet of the acrobat
HPRegen 0.00/turn               o - ring of protection from fire
MPRegen 0.13/turn               c - +4 ring of protection {=R}

@: sick, fiery-armoured
A: large, unfitting armour, claws 3, regeneration 1, shaggy fur 1, tough skin 1
a: Renounce Religion, Fiery Armour, Foxfire Swarm


You were on level 2 of the Abyss.
You worshipped Ignis.
Ignis was pleased with you.
You visited 1 branch of the dungeon, and saw 14 of its levels.
You visited the Abyss 1 time.

You collected 1017 gold pieces.

Inventory:

Hand Weapons
 a - a +3 shortbow of venom
 x - the +9 war axe of Magnificence {vorpal, rCorr Str+3}
   (You found it on level 4 of the Dungeon)

   It inflicts extra damage upon your enemies.
   Str:       It affects your strength (+3).
   rCorr:     It protects you from acid and corrosion.
 A - the +2 flail of Sharkskin {protect, Fly Int+3}
   (You found it on level 6 of the Dungeon)

   It grants its wielder temporary protection when it strikes (+7 to AC).
   Int:       It affects your intelligence (+3).
   Fly:       It grants you flight.
Missiles
 d - 26 large rocks (quivered)
 f - 16 poisoned darts
 z - 3 curare-tipped darts
 B - 5 throwing nets
 E - 169 stones
Armour
 b - a +1 hat (worn)
 l - a +0 robe
 r - +0 acid dragon scales (worn)
 t - a +0 kite shield (worn)
 u - a +0 cloak (worn)
 I - +0 steam dragon scales
Magical Staves
 y - a staff of cold
Jewellery
 c - a +4 ring of protection (right claw) {=R}
 h - an amulet of the acrobat (around neck)
 n - a ring of ice
 o - a ring of protection from fire (left claw)
 s - a ring of poison resistance
 G - a ring of flight
 K - a ring of willpower
 M - the macabre finger necklace {rN+}
   (You took it off a wight on level 9 of the Dungeon)

   [amulet of nothing]

   It enables you to equip an extra ring.
   rN:        It protects you from negative energy.
 Q - a ring of see invisible
Wands
 v - a wand of polymorph (22)
 w - a wand of iceblast (12)
 C - a wand of charming (13)
 L - a wand of mindburst (16)
 O - a wand of flame (7)
Scrolls
 e - 2 scrolls of torment
 g - 2 scrolls of enchant weapon
 D - 2 scrolls of vulnerability
 N - a scroll of fog
Potions
 j - a potion of ambrosia
 k - 2 potions of invisibility
 m - 2 potions of lignification
 p - 4 potions of brilliance
 q - 6 potions of attraction
 F - a potion of haste {unknown}
 H - 4 potions of mutation
 J - a potion of resistance
 R - a potion of flight {unknown}
 V - a potion of might
 X - a potion of magic
Miscellaneous
 P - a phial of floods (inert)


   Skills:
 - Level 10.3 Fighting
 - Level 12.0 Throwing
 - Level 2.4 Dodging
 + Level 2.0 Shields
 - Level 14.5 Unarmed Combat


You had 12 spell levels left.
You didn't know any spells.
Your spell library contained the following spells:

 Spells                   Type           Power      Damage    Failure   Level
 Animate Skeleton         Necr           0%         N/A       86%         1
 Foxfire                  Conj/Fire      0%         2x1d4     86%         1
 Freeze                   Ice            0%         1d3       86%         1
 Pain                     Necr           0%         1d4       86%         1
 Conjure Flame            Conj/Fire      0%         6-21      99%         3
 Frozen Ramparts          Ice            0%         1d2       99%         3
 Inner Flame              Hex/Fire       0%         N/A       99%         3
 Tukima's Dance           Hex            0%         N/A       99%         3
 Vampiric Draining        Necr           0%         2d6       99%         3
 Airstrike                Air            0%         N/A       100%        4
 Anguish                  Hex/Necr       0%         N/A       100%        4
 Animate Dead             Necr           0%         N/A       100%        4
 Flame Wave               Conj/Fire      0%         2d4       100%        4
 Hailstorm                Conj/Ice       0%         3d3       100%        4
 Olgreb's Toxic Radiance  Pois           0%         N/A       100%        4
 Summon Lightning Spire   Summ/Air       0%         N/A       100%        4
 Alistair's Intoxication  Tmut/Pois      0%         N/A       100%        5
 Borgnjor's Vile Clutch   Necr/Erth      0%         N/A       100%        5
 Lightning Bolt           Conj/Air       0%         1d11      100%        5
 Conjure Ball Lightning   Conj/Air       0%         3x3d6     100%        6
 Death Channel            Necr           0%         N/A       100%        6
 Eringya's Noxious Bog    Tmut/Pois      0%         N/A       100%        6
 Enfeeble                 Hex            0%         N/A       100%        7
 Ozocubu's Refrigeration  Ice            0%         4d5       100%        7
 Borgnjor's Revivificati  Necr           0%         N/A       100%        8
 Discord                  Hex            0%         N/A       100%        8
 Disjunction              Tloc           0%         N/A       100%        8
 Ignition                 Fire           0%         3d3       100%        8
 Necromutation            Tmut/Necr      0%         N/A       100%        8
 Death's Door             Necr           0%         N/A       100%        9


Dungeon Overview and Level Annotations

Branches:
Dungeon (14/15)            Temple (0/1) D:5            Lair (0/6) D:10
    Orc (0/2) D:10         Vaults (0/5) D:13

Altars:
Ashenzari
Cheibriados
Dithmenos
Gozag
Okawaru
Vehumet
Ignis

Shops:
D:8 :

Annotations:
D:14 Louise


Innate Abilities, Weirdness & Mutations

You are too large for most types of armour.
You have claws for hands.
Your natural rate of healing is unusually fast.
You are covered in fur. (AC +1)
You have tough skin. (AC +1)


Message History

The ancient zyme is lightly damaged.
The ancient zyme barely misses you. x2
The starcursed mass shrieks in your mind.
* * * LOW HITPOINT WARNING * * *
A protective cloak of flame settles atop you.
You block the ancient zyme's attack. The ancient zyme barely misses you.
The starcursed mass shrieks in your mind.
* * * LOW HITPOINT WARNING * * *
You feel ill.
You barely miss the ancient zyme.
The ancient zyme is lightly damaged.
You flicker for a moment.
The ancient zyme hits you.
* * * LOW HITPOINT WARNING * * *
The ancient zyme hits you but does no damage.
You scratch the ancient zyme.
The ancient zyme is lightly damaged.
The ancient zyme hits you but does no damage.
You block the ancient zyme's attack.
The starcursed mass shrieks in your mind.
* * * LOW HITPOINT WARNING * * *
You strike the helpless ancient zyme from behind!
You scratch the ancient zyme.
The ancient zyme is moderately damaged.
You mangle the ancient zyme!!
The ancient zyme is severely damaged.
You block the ancient zyme's attack.
The ancient zyme hits you but does no damage.
You scratch the ancient zyme.
The ancient zyme is almost destroyed.
You mangle the ancient zyme!!
You destroy the ancient zyme!
That felt strangely unrewarding.
The starcursed mass shrieks in your mind.
* * * LOW HITPOINT WARNING * * *
You barely miss the raiju.
You flicker back into view.
You block the raiju's attack.
The starcursed mass shrieks in your mind.
You die...

### #@# .
#h## ...
3Xx### ..#.
# #.....# .
. .#
#.....# #.
#..##.....#
. .
...#...#.
...
#...##.....
. . .##.
#.....#.


You could see a starcursed mass, an ancient zyme, a sixfirhy and a raiju.

Vanquished Creatures
  A tentacled starspawn (Abyss:2)
  An ironbound preserver (D:13)
  Josephine (D:11)
  3 boulder beetles
  Fannar (D:11)
  2 centaur warriors (D:13)
  3 hydras
  2 tengu warriors
  3 two-headed ogres
  2 thrashing horrors (Abyss:2)
  A worldbinder (Abyss:2)
  2 manticores
  4 ugly things
  7 cyclopes
  A black mamba (shapeshifter) (D:13)
  Joseph (D:10)
  2 gargoyles
  A komodo dragon (D:11)
  2 unseen horrors
  An ancient zyme (Abyss:2)
  A troll (D:13)
  A large abomination (Abyss:2)
  2 slime creatures
  A dream sheep (shapeshifter) (D:13)
  A hornet (D:7)
  A shadow (D:6)
  A wyvern (D:9)
  8 wraiths
  11 yaks
  A basilisk (D:14)
  Menkaure (D:7)
  A steam dragon (D:9)
  Grum (D:9)
  8 vampire mosquitoes
  2 acid dragons (D:10)
  4 water moccasins
  A sky beast (D:7)
  8 orc warriors
  An ice beast (D:7)
  A black bear (D:6)
  4 ogres
  4 wolves (D:9)
  7 centaurs
  A phantom (D:6)
  A kobold brigand (D:8)
  8 bullfrogs
  A gnoll sergeant (D:9)
  8 necrophages
  A wyvern zombie (D:7)
  6 scorpions
  27 wights
  7 killer bees
  7 howler monkeys
  2 bullfrog zombies (D:7)
  A centaur zombie (D:7)
  A jelly (D:7)
  A hound (D:5)
  6 orc priests
  A gnoll shaman (D:6)
  2 iguanas
  5 orc wizards
  A killer bee zombie (D:7)
  2 mummies (D:7)
  A howler monkey zombie (D:7)
  Robin (D:2)
  12 gnolls
  9 adders
  A white imp (D:7)
  An ufetubus (D:6)
  4 worms
  5 dart slugs
  47 orcs
  10 ball pythons
  7 endoplasms
  7 giant cockroaches
  13 goblins
  10 hobgoblins
  3 jackals (D:1)
  15 kobolds
  2 quokkas
  6 bats
  3 frilled lizards
  8 rats
  A lurking horror (Abyss:2)
367 creatures vanquished.

Vanquished Creatures (collateral kills)
  5 yaks (D:8)
  4 killer bees (D:8)
9 creatures vanquished.

Vanquished Creatures (others)
  A deep elf pyromancer (D:13)
  67 foxfires
  4 plants (D:1)
  2 starspawn tentacles (Abyss:2)
  8 withered plants (D:7)
82 creatures vanquished.

Grand Total: 458 creatures vanquished

Notes
Turn   | Place    | Note
-------+----------+-------------------------------------------
     0 | D:1      | dolemite99 the Troll Gladiator began the quest for the Orb.
     0 | D:1      | Reached XP level 1. HP: 19/19 MP: 0/0
    84 | D:1      | Reached XP level 2. HP: 25/27 MP: 1/1
   182 | D:1      | Reached skill level 4 in Unarmed Combat
   246 | D:1      | Reached XP level 3. HP: 33/33 MP: 2/2
   669 | D:1      | Found a faded altar of an unknown god.
   754 | D:1      | Prayed at the altar of an unknown god.
   754 | D:1      | Became a worshipper of Ignis, the Dying Flame
   817 | D:2      | Noticed Robin
   835 | D:2      | Killed Robin
   836 | D:2      | Reached skill level 5 in Unarmed Combat
   836 | D:2      | Reached XP level 4. HP: 26/41 MP: 3/3
  1555 | D:3      | Reached XP level 5. HP: 45/48 MP: 4/4
  1566 | D:3      | Noticed a centaur
  1575 | D:3      | Killed a centaur
  1576 | D:3      | Reached skill level 6 in Unarmed Combat
  1836 | D:3      | Reached XP level 6. HP: 54/55 MP: 5/5
  2720 | D:3      | Reached skill level 7 in Unarmed Combat
  2926 | D:4      | You fall into a shaft and drop 1 floor!
  2926 | D:5      | Entered Level 5 of the Dungeon
  2997 | D:5      | Found a staircase to the Ecumenical Temple.
  3528 | D:4      | Reached skill level 8 in Unarmed Combat
  3583 | D:4      | Reached XP level 7. HP: 44/62 MP: 6/6
  4368 | D:4      | Identified the +9 war axe of Magnificence {vorpal, rCorr
                  | Str+3}
  4998 | D:6      | Noticed a shadow
  5016 | D:6      | Killed a shadow
  5017 | D:6      | Reached skill level 9 in Unarmed Combat
  5202 | D:6      | Identified the +0 pair of gloves "Ecuyn" {rC+}
  5247 | D:6      | Identified the +2 flail of Sharkskin {protect, Fly Int+3}
  5255 | D:6      | Reached XP level 8. HP: 70/70 MP: 7/7
  5259 | D:6      | Noticed a gargoyle
  5267 | D:6      | Killed a gargoyle
  5268 | D:6      | Reached skill level 10 in Unarmed Combat
  5476 | D:6      | Reached skill level 11 in Unarmed Combat
  5654 | D:6      | Found a snail-covered altar of Cheibriados.
  6014 | D:7      | Noticed a hornet
  6017 | D:7      | Killed a hornet
  6024 | D:6      | Reached skill level 12 in Unarmed Combat
  6053 | D:6      | Reached XP level 9. HP: 29/72 MP: 8/8
  6486 | D:7      | Reached skill level 13 in Unarmed Combat
  7177 | D:7      | Reached skill level 14 in Unarmed Combat
  7337 | D:7      | Reached XP level 10. HP: 80/85 MP: 9/9
  7410 | D:7      | Noticed Menkaure
  7415 | D:7      | Killed Menkaure
  8325 | D:8      | Found a radiant altar of Vehumet.
  8325 | D:8      | Found a shadowy altar of Dithmenos.
  8325 | D:8      | Found a broken altar of Ashenzari.
  8527 | D:8      | Reached skill level 5 in Fighting
  9037 | D:8      | Found Geneefek's Book Shop.
  9347 | D:9      | Found an opulent altar of Gozag.
  9459 | D:9      | Noticed a cyclops
  9481 | D:9      | Noticed Grum
  9504 | D:9      | Killed Grum
  9541 | D:9      | Noticed a boulder beetle
  9555 | D:9      | Killed a boulder beetle
  9556 | D:9      | Reached XP level 11. HP: 54/111 MP: 10/10
 10646 | D:9      | Noticed a two-headed ogre
 10655 | D:9      | Killed a two-headed ogre
 10967 | D:10     | Entered Level 10 of the Dungeon
 11724 | D:10     | Noticed Joseph
 11737 | D:10     | Killed Joseph
 11738 | D:10     | Reached skill level 10 in Fighting
 12136 | D:10     | Found a staircase to the Lair.
 12146 | D:10     | Found an iron altar of Okawaru.
 12358 | D:10     | Found a staircase to the Orcish Mines.
 12437 | D:11     | Noticed a four-headed hydra
 12443 | D:11     | Killed a four-headed hydra
 12665 | D:11     | Noticed Fannar
 12677 | D:11     | Killed Fannar
 12742 | D:11     | Noticed a boulder beetle
 12747 | D:11     | Killed a boulder beetle
 12751 | D:11     | Reached skill level 5 in Throwing
 13299 | D:11     | Noticed Josephine
 13314 | D:11     | Killed Josephine
 13315 | D:11     | Reached XP level 12. HP: 114/123 MP: 11/11
 14445 | D:12     | Noticed a two-headed ogre
 14451 | D:12     | Killed a two-headed ogre
 14599 | D:12     | Noticed a seven-headed hydra
 14607 | D:12     | Killed a seven-headed hydra
 15783 | D:13     | Noticed a tengu warrior
 15798 | D:13     | Killed a tengu warrior
 16025 | D:13     | Noticed a centaur warrior
 16033 | D:13     | Killed a centaur warrior
 16110 | D:13     | Noticed a two-headed ogre
 16116 | D:13     | Reached skill level 10 in Throwing
 16117 | D:13     | Killed a two-headed ogre
 16162 | D:13     | Found a gate leading to a gauntlet.
 16174 | D:13     | Noticed a boulder beetle
 16182 | D:13     | Killed a boulder beetle
 16429 | D:13     | Noticed an ironbound preserver
 16481 | D:13     | Killed an ironbound preserver
 16747 | D:13     | Found a gate to the Vaults.
 17228 | D:13     | Noticed a centaur warrior
 17237 | D:13     | Reached XP level 13. HP: 110/135 MP: 12/12
 17690 | D:14     | Reached skill level 1 in Shields
 17822 | D:14     | Noticed Louise
 17823 | D:14     | Cast into level 3 of the Abyss (Louise)
 17964 | Abyss:2  | Found a sparkling altar of Nemelex Xobeh.
 18093 | Abyss:2  | Noticed a starcursed mass
 18093 | Abyss:2  | Noticed a tentacled starspawn
 18112 | Abyss:2  | Noticed a tentacled starspawn
 18161 | Abyss:2  | Killed a tentacled starspawn
 18170 | Abyss:2  | HP: 6/135 [starcursed mass/accursed screaming (6)]
 18174 | Abyss:2  | HP: 2/135 [starcursed mass/accursed screaming (4)]
 18175 | Abyss:2  | Killed from afar by a starcursed mass

Illustrated notes

Levels and vault maps discovered:
D:1:      evilmike_arrival_rings, layout_basic,
          dilly_ecumenical_altar_fadedgnrine
D:2:      layout_rooms, uniq_robin
D:3:      layout_rooms
D:4:      layout_cave_pods
D:5:      layout_gridville, minmay_temple_entry_ruins
D:6:      layout_basic, lemuel_crystal_altar, serial_curves, eino_curves_04,
          eino_curves_02, eino_curves_04, eino_curves_04
D:7:      kennysheep_spiral_hall, layout_basic, serial_undead, serial_undead_a,
          serial_undead_e, serial_undead_a, serial_undead_a, serial_undead_b,
          serial_undead_e, serial_undead_e, serial_undead_d, serial_undead_a,
          serial_undead_e, kennysheep_potato, uniq_menkaure
D:8:      layout_cave_pools, chequers_temple_overflow_statue_of_worship,
          serial_shops, nicolae_shop_advertising_works
          [nicolae_subvault_shop_adworks]
D:9:      minmay_opposing_rooms, layout_basic, amcnicky_altar_gilded, uniq_grum
D:10:     layout_rooms, mainiacjoe_overflow_brackets, lair_entry_dummy,
          orc_0_dummy, hangedman_decor_peaks_small, uniq_joseph
D:11:     layout_grid_maze, special_room [special_room_orc], uniq_josephine,
          uniq_fannar
D:12:     layout_roguey
D:13:     layout_basic, skrybe_vaults_entry_preservation,
          gauntlet_entry_generic, grunt_ministairs_3
D:14:     layout_gridville, uniq_azrael, uniq_louise
Abyss:2:  base: D:11, hangedman_abyss_or_decor_passed, evilmike_abyss_exit_16,
          minivault_27

Skill      XL: |  1  2  3  4  5  6  7  8  9 10 11 12 13 |
---------------+----------------------------------------+-----
Unarmed Combat | 4 5 6 8 9 12 14 | 14.5
Fighting       | 7 10 | 10.3
Throwing       | 6 11 12 | 12.0
Shields        | 2 |  2.0
Dodging        | |  2.4

Action                   |  1- 3 |  4- 6 |  7- 9 | 10-12 | 13-15 || total
-------------------------+-------+-------+-------+-------+-------++-------
Melee: Unarmed           |    84 |   122 |   146 |   462 |    85 ||   899
       Punch             |       |     4 |     8 |    34 |     4 ||    50
 Fire: Shortbow          |       |    17 |    61 |       |       ||    78
Throw: Dart              |       |     6 |    39 |    23 |       ||    68
       Throwing net      |       |       |       |     1 |       ||     1
       Large rock        |       |       |       |    48 |     9 ||    57
Invok: Foxfire Swarm     |     1 |       |     2 |     1 |       ||     4
       Fiery Armour      |       |       |       |     1 |     1 ||     2
       Rising Flame      |       |       |       |       |     1 ||     1
Evoke: Wand              |       |       |     4 |     8 |       ||    12
       Phial of floods   |       |       |       |       |     1 ||     1
  Use: Scroll            |       |     6 |     6 |    16 |     1 ||    29
       Potion            |       |       |       |    11 |     6 ||    17
 Stab: Distracted        |       |     1 |       |       |       ||     1
       Invisible         |       |       |       |       |     3 ||     3
Armor: Robe              |    38 |    22 |    37 |    29 |       ||   126
       Steam dragon scal |       |       |       |    34 |       ||    34
       Acid dragon scale |       |       |       |    90 |    84 ||   174
       Skin              |       |       |       |    24 |       ||    24
Dodge: Dodged            |    64 |    95 |   125 |   380 |    92 ||   756
Block: Kite shield       |       |       |       |       |    37 ||    37

Table legend: (Time is in decaauts)
 A = Elapsed time spent in this place.
 B = Non-inter-level travel time spent in this place.
 C = Inter-level travel time spent in this place.
 D = Time resting spent in this place.
 E = Time spent auto-exploring this place.
 F = Levels seen in this place.
 G = Mean time per level.
                   A        B        C        D        E       F      G
               +--------+--------+--------+--------+--------+-----+--------+
         Total |  18075 |  17339 |    736 |   6656 |   7055 |  16 | 1129.7 |
       Dungeon |  17728 |  16992 |    736 |   6582 |   7053 |  14 | 1266.3 |
         Abyss |    347 |    347 |      0 |     74 |      2 |   2 |  173.5 |
               +--------+--------+--------+--------+--------+-----+--------+

Top non-repeatable levels by time:
     D:9: 2381 daAuts
     D:6: 1967 daAuts
    D:13: 1681 daAuts
     D:3: 1579 daAuts
    D:12: 1516 daAuts
    D:11: 1493 daAuts
     D:7: 1344 daAuts
    D:10: 1169 daAuts
     D:4: 1125 daAuts
     D:8: 861 daAuts
     D:1: 812 daAuts
     D:2: 753 daAuts
     D:5: 679 daAuts
    D:14: 362 daAuts
 Abyss:2: 310 daAuts
